 Dungeon Crawl Stone Soup version 0.32-a0-841-g4648e6c (webtiles) character file.

Game seed: 6851577085031464263

442147 ksj2083 the Sorcerer (level 24, -5/187 HPs)
             Began as a Djinni Alchemist on Mar 26, 2024.
             Was the Champion of Makhleb.
             Slain by a +4 heavy mace (14 damage)
             ... on level 2 of the Elven Halls.
             The game lasted 04:09:29 (58049 turns).

ksj2083 the Sorcerer (Djinni Alchemist)            Turns: 58049, Time: 04:09:30

Health: -5/187     AC: 18    Str: 12    XL:     24   Next: 95%
Gold:   2430       EV: 20    Int: 30    God:    Makhleb [******] SH: 15 Dex: 15

rFire   + + +        a - staff of Sedane Cibo {rPois Str+5 Int-4 Conj Earth}
rCold   + + .        E - +5 kite shield {AC+3}
rNeg    + . .        Q - +4 skin of Zhor {*Englaciate rC+++ SInv}
rPois   ∞            U - +2 helmet {Int+3}
rElec   .            k - +2 cloak {rCorr}
rCorr   +            A - +2 pair of gloves
SInv    +            (boots unavailable)
Will    +++++        i - amulet of the Four Winds {rN+ Will+++ Clar}
Stlth   ++           f - ring of willpower
HPRegen 0.51/turn    t - ring "Pimnazuq" {Wiz rF+ rCorr Int+3}
MPRegen 0.00/turn

%: clarity, wizardry (x1), infuse magic (-6 HP)
@: flying, hasted, studying Axes, very quick
A: sickness immunity, fire resistance 2, cold vulnerability 1, float, innate
caster, HP casting, extra vitality 1
}: 3/15 runes: decaying, serpentine, silver
a: Renounce Religion, Minor Destruction, Lesser Servant of Makhleb, Major
Destruction, Greater Servant of Makhleb


You were on level 2 of the Elven Halls.
You worshipped Makhleb.
Makhleb was exalted by your worship.
You visited 7 branches of the dungeon, and saw 37 of its levels.
You visited 2 bazaars.
You also visited: Trove, Gauntlet, Ice Cave, Volcano and Desolation.

You collected 7255 gold pieces.
You spent 4825 gold pieces at shops.

Inventory:

Missiles
 C - 3 throwing nets {!f}
Armour
 k - a +2 cloak of preservation (worn)
 A - a +2 pair of gloves (worn)
 E - a +5 kite shield of protection (worn)
 O - a +1 tower shield of positive energy
 Q - the +4 skin of Zhor (worn) {*Englaciate rC+++ SInv}
   (You found it in the Desolation of Salt)

   *Englaciate: It radiates cold, occasionally slowing all nearby creatures who
   are not resistant to cold.
   rC+++:     It renders you almost immune to cold.
   SInv:      It lets you see invisible.
 U - a +2 helmet of intelligence (worn)
Magical Staves
 a - the staff of Sedane Cibo (weapon) {rPois Str+5 Int-4 Conj Earth}
   (You found it on level 8 of the Dungeon)

   [staff of earth]

   Base accuracy: +5 Base damage: 5 Base attack delay: 1.2 This weapon's minimum
   attack delay (0.6) is reached at skill level 12.
   Str+5:     It affects your strength (+5).
   Int-4:     It affects your intelligence (-4).
   rPois:     It protects you from poison.
   Conj:      It increases the power of your Conjurations spells.
   Earth:     It increases the power of your Earth spells.
   It falls into the 'Staves' category.
   It is a one-handed weapon.
 W - the staff "Codgh" {rN+ Str+4 Dex+4 Necro Ice}
   (You found it on level 2 of the Vaults)

   [staff of death]

   Base accuracy: +5 Base damage: 5 Base attack delay: 1.2 This weapon's minimum
   attack delay (0.6) is reached at skill level 12.
   Str+4:     It affects your strength (+4).
   Dex+4:     It affects your dexterity (+4).
   rN+:       It protects you from negative energy.
   Necro:     It increases the power of your Necromancy spells.
   Ice:       It increases the power of your Ice spells.
   It falls into the 'Staves' category.
   It is a one-handed weapon.
Jewellery
 f - a ring of willpower (left hand)
 i - the amulet of the Four Winds (around neck) {rN+ Will+++ Clar}
   (You bought it in a shop in a bazaar)

   [amulet of nothing]

   rN+:       It protects you from negative energy.
   Will+++:   It greatly increases your willpower.
   Clar:      It protects you from confusion, rage, mesmerisation and fear.
 m - the amulet "Vuzaem Usiawk" {Reflect rF+ rC+ rN++ SH+5}
   (You acquired it on level 2 of the Snake Pit)

   [amulet of reflection]

   Reflect:   It reflects blocked missile attacks.
   rF+:       It protects you from fire.
   rC+:       It protects you from cold.
   rN++:      It greatly protects you from negative energy.
   SH+5:      It affects your SH (+5).
 t - the ring "Pimnazuq" (right hand) {Wiz rF+ rCorr Int+3}
   (You found it in the Desolation of Salt)

   [ring of wizardry]

   Wiz:       It improves your spell success rate.
   Int+3:     It affects your intelligence (+3).
   rF+:       It protects you from fire.
   rCorr:     It protects you from acid and corrosion.
 w - the ring of the Skies Above {AC+4 Str+2 Dex+3}
   (You found it in a Gauntlet)

   [ring of protection]

   AC+4:      It affects your AC (+4).
   Str+2:     It affects your strength (+2).
   Dex+3:     It affects your dexterity (+3).
 K - a ring of ice
 R - the ring of the Cricket {rCorr EV+5}
   (You bought it in a shop on level 1 of the Orcish Mines)

   [ring of evasion]

   EV+5:      It affects your evasion (+5).
   rCorr:     It protects you from acid and corrosion.
 Z - the ring "Qihenod" {Fire rPois Dex+4}
   (You found it in a Gauntlet)

   [ring of fire]

   Fire:      It enhances your fire magic.
   Dex+4:     It affects your dexterity (+4).
   rF+:       It protects you from fire.
   rC-:       It makes you vulnerable to cold.
   rPois:     It protects you from poison.
Scrolls
 b - 3 scrolls of silence
 d - 5 scrolls of enchant armour
 e - 6 scrolls of enchant weapon
 g - 9 scrolls of fear
 h - 19 scrolls of teleportation
 l - a scroll of immolation
 n - 4 scrolls of fog
 o - 2 scrolls of butterflies
 y - a scroll of torment
 G - a scroll of revelation
 M - 5 scrolls of poison
 N - 5 scrolls of amnesia
 T - 3 scrolls of blinking
Potions
 c - 14 potions of curing
 p - 4 potions of ambrosia
 q - 7 potions of haste
 r - 13 potions of might
 u - 3 potions of heal wounds
 v - 2 potions of lignification
 x - 5 potions of brilliance
 I - 3 potions of attraction
 J - 5 potions of invisibility
 P - 5 potions of cancellation
 S - 3 potions of resistance
 X - 5 potions of enlightenment
Miscellaneous
 j - a condenser vane
 z - a phial of floods
 D - a phantom mirror
 Y - a lightning rod (4/4)


   Skills:
 + Level 20.3 Fighting
 - Level 4.0 Armour
 + Level 20.1 Dodging
 - Level 1.5 Stealth
 - Level 7.0 Shields
 * Level 21.9 Spellcasting
 * Level 21.9 Conjurations
 * Level 21.9 Hexes
   Level 0.0 Charms
 * Level 21.9 Summonings
 * Level 21.9 Necromancy
 * Level 21.9 Translocations
   Level 0.0 Transmutations
 * Level 21.9 Fire Magic
 * Level 21.9 Ice Magic
 * Level 21.9 Air Magic
 * Level 21.9 Earth Magic
 * Level 21.9 Alchemy
 - Level 14.0 Invocations


You knew the following spells:

 Your Spells              Type           Power      Damage    Failure   Level
a - Lehudib's Crystal Sp  Conj/Erth      76%        10d17     1%          8
b - Mercury Vapours       Alch/Air       100%       N/A       0%          2
c - Mephitic Cloud        Conj/Alch/Air  100%       N/A       0%          3
d - Olgreb's Toxic Radia  Alch           100%       N/A       0%          4
e - Bombard               Conj/Erth      76%        9d12      1%          6
f - Discord               Hex            52%        N/A       1%          8
g - Scorch                Fire           100%       2d9       0%          2
h - Static Discharge      Conj/Air       100%       3-8/arc   0%          2
i - Vhi's Electric Charg  Tloc/Air       100%       N/A       0%          4
j - Lee's Rapid Deconstr  Erth           64%        3d29*     0%          5
k - Irradiate             Conj/Alch      64%        3d33      0%          5
l - Freeze                Ice            100%       1d10      0%          1
m - Malign Gateway        Summ/Tloc      52%        N/A       1%          7
n - Death Channel         Necr           52%        N/A       1%          6
o - Sting                 Conj/Alch      100%       1d9       0%          1
p - Sticky Flame          Fire/Alch      100%       2d15      0%          4
Your spell library was empty.

Dungeon Overview and Level Annotations

Branches:
Dungeon (15/15)            Temple (0/1) D:7            Lair (5/5) D:8
  Swamp (4/4) Lair:3        Snake (4/4) Lair:3        Slime (0/5) Lair:5
    Orc (2/2) D:12            Elf (2/3) Orc:2        Vaults (5/5) D:13
  Crypt (0/3) Vaults:3     Depths (0/4) D:15          IceCv (visited)
Volcano (visited)         Desolation (visited)      Gauntlet (visited)

Altars:
Ashenzari
Dithmenos
Fedhas
Hepliaklqana
Makhleb
Okawaru
Uskayaw
Wu Jian
Xom
Yredelemnul
The Shining One
Beogh
Jiyva

Shops:
D:8 ?:   D:9 (   D:15 ?   Orc:1 *!=?!=   Orc:2 *(!!   Elf:1 ?   Snake:2 *?[!
Snake:3 ([   Vaults:2 *?[(

Portals:
Abyss: Elf:1

Annotations:
Swamp:2 3 runed translucent doors, Uroge's ghost, journeyman GrEE


Innate Abilities, Weirdness & Mutations

You are immune to sickness and miasma.
You are immune to poison.
Your flesh is very heat resistant. (rF++)
You are vulnerable to cold. (rC-)
You float through the air rather than walking.
You learn spells naturally, not from books.
Your magical power is your life essence.
You have superior vitality. (+4 MHP)


Message History

You feel a strong surge of power!
The crystal spear hits the deep elf knight!!!!
You kill the deep elf knight!
Makhleb accepts your kill.
You feel better.
You radiate an aura of cold.
The +0 dire flail of draining is unaffected.
The +4 heavy mace is unaffected.
The +3 triple sword of freezing is unaffected.
You block the +0 dire flail of draining's attack.
The +0 dire flail of draining hits you!!
Makhleb accepts your kill.
You feel a bit more experienced.
Casting: Lehudib's Crystal Spear (dangerous; 1% risk of failure)
Confirm with . or Enter, or press ? or * to list all spells.
Aiming: Lehudib's Crystal Spear (dangerous; 1% risk of failure)
Press: ? - help, Shift-Dir - straight line, f - +3 triple sword of freezing
Aim: a +3 triple sword of freezing (74% to hit)
Okay, then.
Casting: Lehudib's Crystal Spear (dangerous; 1% risk of failure)
Confirm with . or Enter, or press ? or * to list all spells.
Okay, then.
Okay, then.
You feel yourself speed up.
The +0 dire flail of draining hits you!!
* * * LOW HITPOINT WARNING * * *
The +3 triple sword of freezing closely misses you.
A deep elf pyromancer comes into view. It is wielding a +0 short sword.
A deep elf knight comes into view. It is wielding a +0 long sword.
You radiate an aura of cold.
The +4 heavy mace is unaffected.
The +0 dire flail of draining is unaffected.
The +3 triple sword of freezing is unaffected.
The deep elf knight seems to slow down.
The deep elf pyromancer resists.
The +3 triple sword of freezing attacks as it pursues you!
The +3 triple sword of freezing hits you!!
* * * LOW HITPOINT WARNING * * *
The +3 triple sword of freezing freezes you.
* * * LOW HITPOINT WARNING * * *
The +4 heavy mace attacks as it pursues you!
The +4 heavy mace hits you!
You die...

.#..........## #............,,,,,
.#⌠..........##*#...........,,,,,
.#............# *#..........,,,,,
.#..........⌠.# #.....)..e.,,,,,
.##...........# ##..).....).,,,,,
.###..........###..........#**,,,
.####.......^.##..........## **,,
.#####..⌠.....##.(..).....# *,,
.######.......'.@(..).....#* **,,
##### #######''..(.........#**,,,
#####** **#...............,,,,,
###..,** *#.................,,,,,
##...,,**#..................,,,,,
#...,,,,....................,,,,,
,,,,,,,,......e....e.......,,,,,,
,,,,,,,,..................,,,,,,,
,,,,,,,,,,,,,,,,,,,,,,,,,,,,,,,,,


You could see a deep elf knight (slow), a deep elf pyromancer and 3 dancing
weapons.

Vanquished Creatures
  An ancient lich (Vaults:5)
  Mara (Snake:4)
  Xtahua (Vaults:3)
  4 golden dragons (Vaults:5)
  Nikola (Vaults:3)
  A hellephant (Elf:1)
  Rupert (Snake:1)
  4 tentacled monstrosities (Vaults:5)
  Zenata (Elf:1)
  A lich (Vaults:5)
  5 titans
  Asterion (Snake:1)
  A deep elf blademaster (Elf:1)
  An eldritch tentacle (Vaults:2)
  4 sphinxes
  Aizul (Swamp:1)
  8 tengu reavers
  A nagaraja (Snake:4)
  Kirke (Snake:1)
  5 shadow dragons (Vaults:5)
  The ghost of takemehigh the Skirmisher, an adept CoHu of Okawaru (Swamp:1)
  A fire giant (Vaults:5)
  3 imperial myrmidons (Desolation)
  5 frost giants
  12 vault wardens
  2 deep elf elementalists
  Louise (Snake:1)
  3 orc warlords
  14 ironbound preservers
  4 formless jellyfish
  4 very ugly things
  3 stone giants (Vaults:5)
  3 ironbound thunderhulks
  2 deep elf demonologists
  A deep elf annihilator (Elf:1)
  9 dire elephants
  A minotaur (Gauntlet)
  5 eleionomae
  3 war gargoyles (Vaults:4)
  5 bunyips
  3 ettins
  Josephine (Lair:4)
  The ghost of Qootor the Markself, a journeyman DECj of Vehumet (Snake:3)
  5 crystal guardians
  A shambling mangrove (Swamp:3)
  An entropy weaver (shapeshifter) (Elf:2)
  A fire dragon (Lair:5)
  2 deep elf high priests (Vaults:5)
  4 great orbs of eyes
  5 ragged hierophants (Desolation)
  9 yaktaur captains
  5 servants of whispers (Desolation)
  8 peacekeepers
  2 rakshasas
  3 ghost crabs
  20 vault guards
  9 alligators
  An ice dragon (IceCv)
  Erolcha (Orc:1)
  13 anacondas
  3 salamander tyrants
  22 hydras
  A death knight (D:13)
  6 centaur warriors
  An ogre mage (Vaults:2)
  2 tengu warriors
  4 two-headed ogres
  4 ironbound frosthearts
  18 dancing weapons
  2 deep troll earth magi
  A boulder beetle (shapeshifter) (Vaults:5)
  7 boulder beetles
  2 occultists (D:15)
  A spriggan berserker (Swamp:4)
  4 shock serpents
  An orc high priest (Orc:2)
  3 spriggans
  14 deep elf knights
  11 naga warriors
  10 naga sharpshooters
  7 skeletal warriors
  A fire crab (Gauntlet)
  A skyshark (shapeshifter) (Vaults:5)
  A skyshark (Lair:3)
  Amaemon (Lair:3)
  6 goliath frogs
  6 salamander mystics
  18 deep trolls
  3 large abominations
  5 spriggan druids
  7 swamp dragons
  4 naga ritualists
  7 lindwurms
  7 bog bodies
  9 ironbound convokers
  4 phantasmal warriors
  A thermic dynamo (Elf:2)
  2 obsidian bats
  3 arcanists
  2 anaconda skeletons (Volcano)
  14 mana vipers
  5 deep elf archers
  17 deep elf pyromancers
  18 deep elf zephyrmancers
  8 orc knights
  An oklob plant (Lair:4)
  16 ugly things
  2 harpies (Vaults:1)
  2 lightning spires (Gauntlet)
  6 orc sorcerers
  A necromancer (D:15)
  Maurice (D:7)
  6 cyclopes
  6 will-o-the-wisps
  A mana viper (shapeshifter) (Vaults:5)
  17 salamanders
  A centaur zombie (D:15)
  An alligator skeleton (Volcano)
  2 ice statues (IceCv)
  10 elephants (Lair:5)
  12 guardian serpents
  A meliai (D:8)
  3 manticores
  7 gargoyles
  30 black mambas
  A kobold blastminer (Orc:1)
  Joseph (D:8)
  5 torpor snails (Lair:5)
  22 vault sentinels
  2 orange demons
  6 cane toads
  10 naga magi
  3 kobold demonologists
  5 freezing wraiths
  9 rime drakes
  18 yaktaurs
  7 komodo dragons
  3 tengu conjurers
  2 bloated husks
  A tarantella (shapeshifter) (D:14)
  A troll (shapeshifter) (D:13)
  A queen bee (shapeshifter) (D:13)
  11 trolls
  Grinder (D:3)
  A wolf spider simulacrum (D:15)
  4 polar bears
  56 saltlings
  11 hornets
  A harpy skeleton (Volcano)
  18 tyrant leeches
  A wind drake (shapeshifter) (Vaults:5)
  24 blink frogs
  A glass eye (Vaults:2)
  42 slime creatures
  2 raiju
  6 dream sheep (Lair:4)
  A wyvern (D:8)
  A centaur simulacrum (D:15)
  A shadow (D:11)
  3 air elementals
  A vampire (D:13)
  16 humans (D:13)
  5 basilisks
  9 wraiths
  49 yaks
  3 fire bats
  4 hogs (Snake:1)
  3 steam dragons
  15 vampire mosquitoes
  Grum (D:9)
  13 swamp worms
  26 nagas
  An acid dragon (D:11)
  17 water moccasins
  A hell hound (D:12)
  A swamp worm (shapeshifter) (Vaults:5)
  7 black bears
  A sky beast (D:7)
  4 swamp drakes (Swamp:4)
  35 orc warriors
  An ice beast (D:5)
  8 ogres (Orc:1)
  3 laughing skulls
  4 wolves
  5 boggarts (D:14)
  12 centaurs
  6 kobold brigands
  15 bullfrogs
  A weeping skull (Volcano)
  4 gnoll sergeants
  A scorpion (D:7)
  5 small abominations (Gauntlet)
  4 lindwurm simulacra (IceCv)
  16 killer bees
  11 howler monkeys
  2 spriggan skeletons (Volcano)
  A bombardier beetle (D:7)
  A crimson imp (D:7)
  2 quasits (D:4)
  3 jellies
  7 komodo dragon simulacra (IceCv)
  2 hounds
  17 orc priests
  2 iguanas
  26 orc wizards
  4 sleepcaps
  4 hell rats (Lair:4)
  Robin (D:2)
  26 gnolls
  3 acid dragon simulacra (IceCv)
  9 adders
  A river rat (D:4)
  6 shadow imps
  7 white imps
  2 ufetubi (D:4)
  7 steam dragon simulacra (IceCv)
  2 dart slugs
  74 orcs
  17 ball pythons
  2 bats
  12 endoplasms
  5 giant cockroaches
  12 goblins
  14 hobgoblins
  4 jackals (D:4)
  30 kobolds
  5 quokkas
  3 frilled lizards
  13 rats
1537 creatures vanquished.

Vanquished Creatures (collateral kills)
  the Lernaean hydra (Swamp:4)
  A titan (Vaults:5)
  The ghost of Truedra the Devastator, an adept DrCj of Vehumet (Elf:1)
  A tengu reaver (Vaults:2)
  A storm dragon (Vaults:5)
  4 vault wardens
  A deep elf sorcerer (Vaults:5)
  8 ironbound preservers
  A very ugly thing (Vaults:2)
  A cacodemon (Elf:1)
  An ironbound thunderhulk (Vaults:1)
  A stone giant (Vaults:5)
  A deep elf demonologist (Elf:1)
  A deep elf annihilator (Vaults:5)
  A war gargoyle (Vaults:5)
  2 dire elephants (Vaults:1)
  3 ettins
  3 yaktaur captains
  2 great orbs of eyes
  A deep elf high priest (Vaults:2)
  2 hydras (Swamp:4)
  25 vault guards
  A centaur warrior (Vaults:2)
  An ogre mage (Vaults:5)
  A dancing weapon (Elf:2)
  4 naga warriors
  A naga sharpshooter (Snake:4)
  A shock serpent (Snake:4)
  An orc high priest (Elf:1)
  A deep elf knight (Elf:2)
  8 deep trolls
  A mana viper (Snake:4)
  2 swamp dragons (Swamp:4)
  4 bog bodies (Swamp:4)
  3 arcanists
  2 ironbound convokers
  2 harpies (Vaults:1)
  A phantasmal warrior (Vaults:2)
  A lindwurm (Vaults:4)
  A deep elf zephyrmancer (Elf:1)
  5 ugly things (Vaults:1)
  2 deep elf pyromancers
  4 naga magi
  A black mamba (shapeshifter) (Vaults:5)
  2 vault sentinels
  A hellion (Elf:1)
  12 yaktaurs
  A redback (shapeshifter) (Vaults:5)
  A swamp worm (shapeshifter) (Elf:1)
  5 nagas
  3 swamp drakes (Swamp:4)
  5 orc warriors
  An ogre (Vaults:5)
  A boggart (D:14)
  An orc wizard (Elf:1)
  4 orcs
148 creatures vanquished.

Vanquished Creatures (others)
  20 eldritch tentacles
  3 vault guards
  A deep elf knight (Elf:1)
  A lindwurm (Vaults:3)
  A swamp dragon (Swamp:4)
  A deep elf pyromancer (Elf:1)
  A yaktaur (Vaults:1)
  A bloated husk (Swamp:2)
  A human (D:10)
  An orc priest (Orc:2)
  2 foxfires (Swamp:4)
33 creatures vanquished.

Grand Total: 1718 creatures vanquished

Notes
Turn   | Place    | Note
-------+----------+-------------------------------------------
     0 | D:1      | ksj2083 the Djinni Alchemist began the quest for the Orb.
     0 | D:1      | ksj2083 set off with the following spells memorised: Sting,
                  | Mercury Vapours, Mephitic Cloud, Olgreb's Toxic Radiance,
                  | Sticky Flame.
     0 | D:1      | Reached XP level 1. HP: 15/15 MP: 0/0
    96 | D:1      | Reached XP level 2. HP: 17/22 MP: 0/0
    98 | D:1      | Reached skill level 1 in Fighting
   199 | D:1      | Reached XP level 3. HP: 26/27 MP: 0/0
   199 | D:1      | Learned a level 1 spell: Freeze
   407 | D:1      | Found a faded altar of an unknown god.
   894 | D:2      | Noticed Robin
  1070 | D:1      | Reached XP level 4. HP: 11/32 MP: 0/0
  1301 | D:2      | Killed Robin
  1459 | D:2      | Reached XP level 5. HP: 10/38 MP: 0/0
  1459 | D:2      | Learned a level 2 spell: Static Discharge
  2511 | D:3      | Reached XP level 6. HP: 43/45 MP: 0/0
  2752 | D:3      | Noticed Grinder
  2768 | D:3      | Killed Grinder
  2769 | D:3      | Reached skill level 5 in Spellcasting
  2769 | D:3      | Reached skill level 5 in Conjurations
  2769 | D:3      | Reached skill level 5 in Hexes
  2769 | D:3      | Reached skill level 5 in Summonings
  2769 | D:3      | Reached skill level 5 in Necromancy
  2769 | D:3      | Reached skill level 5 in Translocations
  2769 | D:3      | Reached skill level 5 in Fire Magic
  2769 | D:3      | Reached skill level 5 in Ice Magic
  2769 | D:3      | Reached skill level 5 in Air Magic
  2769 | D:3      | Reached skill level 5 in Earth Magic
  2769 | D:3      | Reached skill level 5 in Alchemy
  2769 | D:3      | Reached XP level 7. HP: 20/50 MP: 0/0
  2769 | D:3      | Learned a level 2 spell: Scorch
  2934 | D:3      | Found a hide-covered altar of Uskayaw.
  3917 | D:4      | Noticed a water moccasin
  3922 | D:4      | Killed a water moccasin
  3923 | D:4      | Reached XP level 8. HP: 29/58 MP: 0/0
  4928 | D:5      | Entered Level 5 of the Dungeon
  5230 | D:5      | Reached skill level 5 in Fighting
  5779 | D:5      | Reached XP level 9. HP: 56/66 MP: 0/0
  5779 | D:5      | Learned a level 4 spell: Vhi's Electric Charge
  6074 | D:5      | Found a shadowy altar of Dithmenos.
  7498 | D:7      | Identified the +1 ring mail of Reddelis {rPois rF- rC+++
                  | Int+3}
  7799 | D:7      | Noticed a deep elf pyromancer
  7806 | D:7      | Killed a deep elf pyromancer
  7807 | D:7      | Reached XP level 10. HP: 64/75 MP: 0/0
  8589 | D:7      | Found a burning altar of Makhleb.
  8590 | D:7      | Found a shimmering altar of Xom.
  8616 | D:7      | Became a worshipper of Makhleb the Destroyer
  8738 | D:7      | Found a staircase to the Ecumenical Temple.
  9016 | D:7      | Reached skill level 5 in Dodging
  9154 | D:8      | Found a staircase to the Lair.
  9156 | D:8      | Noticed Maurice
  9349 | D:8      | Noticed Joseph
  9530 | D:7      | Reached skill level 10 in Spellcasting
  9530 | D:7      | Reached skill level 10 in Conjurations
  9530 | D:7      | Reached skill level 10 in Hexes
  9530 | D:7      | Reached skill level 10 in Summonings
  9530 | D:7      | Reached skill level 10 in Necromancy
  9530 | D:7      | Reached skill level 10 in Translocations
  9530 | D:7      | Reached skill level 10 in Fire Magic
  9530 | D:7      | Reached skill level 10 in Ice Magic
  9530 | D:7      | Reached skill level 10 in Air Magic
  9530 | D:7      | Reached skill level 10 in Earth Magic
  9530 | D:7      | Reached skill level 10 in Alchemy
  9765 | D:8      | Killed Joseph
  9766 | D:8      | Reached XP level 11. HP: 66/82 MP: 0/0
  9766 | D:8      | Learned a level 5 spell: Lee's Rapid Deconstruction
  9818 | D:7      | Reached * piety under Makhleb
  9822 | D:7      | Killed Maurice
 10169 | D:8      | Found a broken altar of Ashenzari.
 10173 | D:8      | Found Dogerch's Vocational Training.
 10323 | D:8      | Noticed a centaur warrior
 10337 | D:8      | HP: 4/82 [centaur warrior/arrow (12)]
 10747 | D:8      | Noticed a meliai
 10809 | D:8      | Noticed a cyclops
 10826 | D:8      | Killed a meliai
 10831 | D:8      | Killed a cyclops
 11243 | D:8      | Identified the staff of Sedane Cibo {rPois Str+5 Int-4 Conj
                  | Earth}
 11449 | D:8      | Found an iron altar of Okawaru.
 11485 | D:8      | Found Juelatta's Magic Scroll Boutique.
 11488 | D:8      | Bought a scroll of blinking for 105 gold pieces
 11488 | D:8      | Bought a scroll of identify for 28 gold pieces
 11488 | D:8      | Bought a scroll of butterflies for 56 gold pieces
 11614 | D:8      | Killed a centaur warrior
 11708 | D:9      | Noticed Grum
 11792 | D:8      | HP: 1/84 [orc priest/divine providence (11)]
 11801 | D:8      | Reached ** piety under Makhleb
 12050 | D:9      | Killed Grum
 12173 | D:9      | Found a glowing golden altar of the Shining One.
 12942 | D:9      | Found Nomeif's Antique Weapon Shop.
 13064 | D:10     | Entered Level 10 of the Dungeon
 13066 | D:10     | Found a hazy altar of Hepliaklqana.
 13081 | D:10     | Reached XP level 12. HP: 71/91 MP: 0/0
 13510 | D:10     | Noticed a two-headed ogre
 13592 | D:10     | Killed a two-headed ogre
 14115 | D:10     | Reached skill level 10 in Fighting
 14217 | D:10     | Reached *** piety under Makhleb
 15479 | D:11     | Noticed a two-headed ogre
 15490 | D:11     | Killed a two-headed ogre
 15668 | D:11     | Noticed a tengu warrior
 15673 | D:11     | Killed a tengu warrior
 16122 | D:11     | Noticed a boulder beetle
 16139 | D:11     | Killed a boulder beetle
 16592 | D:11     | Noticed a boulder beetle
 16601 | D:11     | Reached **** piety under Makhleb
 16603 | D:11     | Killed a boulder beetle
 16604 | D:11     | Reached skill level 1 in Shields
 16604 | D:11     | Reached XP level 13. HP: 65/99 MP: 0/0
 16604 | D:11     | Learned a level 5 spell: Irradiate
 17035 | D:11     | Identified the +0 plate armour "Modufeem" {Int+2 Slay-3
                  | SInv}
 18321 | D:12     | Found a staircase to the Orcish Mines.
 18391 | D:12     | Found a shimmering altar of Xom.
 18410 | D:12     | Reached skill level 10 in Dodging
 18654 | Orc:1    | Entered Level 1 of the Orcish Mines
 18654 | Orc:1    | Found Lehok's Jewellery Boutique.
 18663 | Orc:1    | Bought the ring of the Cricket {rCorr EV+5} for 680 gold
                  | pieces
 18670 | Orc:1    | Found Betow's Magic Scroll Emporium.
 18685 | Orc:1    | Found Iluv's Jewellery Shoppe.
 18697 | Orc:1    | Bought a scroll of identify for 20 gold pieces
 18697 | Orc:1    | Bought a scroll of identify for 20 gold pieces
 18697 | Orc:1    | Bought a scroll of identify for 20 gold pieces
 18703 | Orc:1    | Reached ***** piety under Makhleb
 18769 | Orc:1    | Found Peilaam's Distillery.
 18984 | Orc:1    | Found Oweumuf's General Store.
 18993 | Orc:1    | Bought a scroll of identify for 20 gold pieces
 19011 | Orc:1    | Noticed an orc warlord
 19052 | Orc:1    | Killed an orc warlord
 19062 | Orc:1    | Reached skill level 1 in Invocations
 19328 | Orc:1    | Noticed Erolcha
 19335 | Orc:1    | Killed Erolcha
 19393 | Orc:1    | Found Puxkeez's Distillery.
 19398 | Orc:1    | Bought a potion of degeneration for 13 gold pieces
 19434 | Orc:1    | Found an iron altar of Okawaru.
 19516 | Orc:2    | Entered Level 2 of the Orcish Mines
 19541 | Orc:2    | Noticed an orc warlord
 20282 | Orc:1    | Killed an orc warlord
 20283 | Orc:1    | Reached XP level 14. HP: 89/107 MP: 0/0
 21106 | Orc:2    | Noticed an orc warlord
 21136 | Orc:2    | Killed an orc warlord
 21282 | Orc:2    | Found Qatoq Migaa's Distillery.
 21688 | Orc:2    | Found a staircase to the Elven Halls.
 21867 | Orc:2    | Found Ushipsoh's General Store.
 21873 | Orc:2    | Reached ****** piety under Makhleb
 21942 | Orc:2    | Found Jelarihole's Distillery.
 21944 | Orc:2    | Found a roughly hewn altar of Beogh.
 21945 | Orc:2    | Found Osanowni's Weapon Boutique.
 22217 | Lair:1   | Entered Level 1 of the Lair of Beasts
 22829 | Lair:1   | Reached skill level 5 in Invocations
 23467 | Lair:2   | Found a frozen archway.
 23526 | IceCv    | Entered an ice cave
 25175 | Lair:2   | Reached XP level 15. HP: 95/114 MP: 0/0
 25175 | Lair:2   | Learned a level 6 spell: Bombard
 25694 | Lair:3   | Noticed Amaemon
 25701 | Lair:3   | Killed Amaemon
 25897 | Lair:3   | Found a staircase to the Snake Pit.
 26676 | Lair:3   | Found a staircase to the Swamp.
 26858 | Lair:4   | Found an iron altar of Okawaru.
 27158 | Lair:4   | Reached skill level 15 in Spellcasting
 27158 | Lair:4   | Reached skill level 15 in Conjurations
 27158 | Lair:4   | Reached skill level 15 in Hexes
 27158 | Lair:4   | Reached skill level 15 in Summonings
 27158 | Lair:4   | Reached skill level 15 in Necromancy
 27158 | Lair:4   | Reached skill level 15 in Translocations
 27158 | Lair:4   | Reached skill level 15 in Fire Magic
 27158 | Lair:4   | Reached skill level 15 in Ice Magic
 27158 | Lair:4   | Reached skill level 15 in Air Magic
 27158 | Lair:4   | Reached skill level 15 in Earth Magic
 27158 | Lair:4   | Reached skill level 15 in Alchemy
 27227 | Lair:4   | Noticed Josephine
 27242 | Lair:4   | Killed Josephine
 27582 | Lair:4   | Reached skill level 5 in Shields
 27671 | Lair:4   | You are sucked into a shaft and drop 1 floor!
 27671 | Lair:5   | Entered Level 5 of the Lair of Beasts
 27737 | Lair:5   | Found a viscous altar of Jiyva.
 27737 | Lair:5   | Found a staircase to the Slime Pits.
 28054 | Lair:5   | Found a dark tunnel.
 28063 | Volcano  | Entered a volcano
 28280 | Volcano  | Reached XP level 16. HP: 63/122 MP: 0/0
 28365 | Volcano  | Identified the +0 fire dragon scales "Tietrid" {rElec rPois
                  | rF++ rC- rN+ Int-5}
 28383 | Volcano  | Reached XP level 17. HP: 128/128 MP: 0/0
 28383 | Volcano  | Learned a level 7 spell: Malign Gateway
 28798 | Lair:5   | Identified the +6 short sword of the Fool {flame, Str+3
                  | Dex+2}
 29815 | D:13     | Identified the +3 leather armour of the Lumpy Youths {rCorr
                  | Str+2 Dex+3 Slay-5}
 30099 | D:13     | Found a gate to the Vaults.
 30127 | D:13     | Reached skill level 1 in Armour
 30289 | D:13     | Found a portal to a secret trove of treasure.
 31040 | D:14     | Identified the +7 ring mail "Ushrarodd" {rN+}
 31699 | D:15     | Entered Level 15 of the Dungeon
 31858 | D:15     | Found a staircase to the Depths.
 31949 | D:15     | Found Imeykem's Magic Scroll Emporium.
 32087 | D:15     | Found a gate leading to a gauntlet.
 32096 | Gauntlet | Entered a Gauntlet
 32096 | Gauntlet | Found a transporter.
 32096 | Gauntlet | Found a transporter.
 32100 | Gauntlet | Found a transporter.
 32102 | Gauntlet | Found a large runed translucent door.
 32103 | Gauntlet | Found a large runed translucent door.
 32104 | Gauntlet | Found a large runed translucent door.
 32104 | Gauntlet | Found a large runed translucent door.
 32104 | Gauntlet | Found a runed translucent door.
 32105 | Gauntlet | Found a large runed translucent door.
 32108 | Gauntlet | Found a transporter.
 32122 | Gauntlet | Found a large runed translucent door.
 32123 | Gauntlet | Found a large runed translucent door.
 32124 | Gauntlet | Found a large runed translucent door.
 32125 | Gauntlet | Found a runed translucent gate.
 32127 | Gauntlet | Found a transporter.
 32136 | Gauntlet | Found a transporter.
 32136 | Gauntlet | Found a runed translucent gate.
 32137 | Gauntlet | Found a runed translucent gate.
 32137 | Gauntlet | Found a runed translucent door.
 32139 | Gauntlet | Found a large runed translucent door.
 32139 | Gauntlet | Found a large runed translucent door.
 32140 | Gauntlet | Found a transporter.
 32140 | Gauntlet | Found a transporter.
 32177 | Gauntlet | Found a transporter.
 32197 | Gauntlet | Found a large runed translucent door.
 32197 | Gauntlet | Found a large runed translucent door.
 32198 | Gauntlet | Found a large runed translucent door.
 32199 | Gauntlet | Found a large runed translucent door.
 32199 | Gauntlet | Found a transporter.
 32280 | Gauntlet | Found a large runed translucent door.
 32281 | Gauntlet | Found a large runed translucent door.
 32283 | Gauntlet | Found a transporter.
 32351 | Gauntlet | Found a transporter.
 32368 | Gauntlet | Found a transporter.
 32404 | Gauntlet | Identified the ring of Deuno {Fly Will- Int+6 Dex+2}
 32592 | Gauntlet | Identified the ring of the Skies Above {AC+4 Str+2 Dex+3}
 32721 | Gauntlet | Identified the ring "Qihenod" {Fire rPois Dex+4}
 32737 | Gauntlet | Identified the +1 cloak "Ydwanoal" {Harm rPois Regen+
                  | Int-5}
 32895 | D:15     | Found a blossoming altar of Fedhas.
 33416 | Snake:1  | Entered Level 1 of the Snake Pit
 33416 | Snake:1  | Noticed Louise
 33424 | Snake:1  | Killed Louise
 33425 | Snake:1  | Reached XP level 18. HP: 116/136 MP: 0/0
 33425 | Snake:1  | Noticed Kirke
 33507 | Snake:1  | Killed Kirke
 33653 | Snake:1  | Noticed Asterion
 33657 | Snake:1  | Killed Asterion
 33789 | Snake:1  | Identified the maw talisman "Ixzygh" {Dex+5}
 33789 | Snake:1  | Noticed Rupert
 33796 | Snake:1  | Killed Rupert
 34161 | Snake:2  | Reached skill level 15 in Fighting
 34312 | Snake:2  | Found Rduotum's Retail Resort.
 34320 | Snake:2  | Bought a scroll of revelation for 135 gold pieces
 34366 | Snake:2  | Found a flickering gateway to a bazaar.
 34375 | Bazaar   | Entered a bazaar
 34380 | Bazaar   | Found Atuheor's Jewellery Shop.
 34388 | Bazaar   | Found Begohymp's Distillery.
 34414 | Bazaar   | Found Iczusym's General Store.
 34429 | Bazaar   | Found Ygaje's Assorted Antiques.
 34437 | Bazaar   | Bought a glowing robe for 133 gold pieces
 34471 | Bazaar   | Bought a potion of heal wounds for 65 gold pieces
 34471 | Bazaar   | Bought a potion of resistance for 130 gold pieces
 34479 | Bazaar   | Bought the amulet of Doubts {Faith Rampage rPois rN++
                  | Dex-5} for 460 gold pieces
 34527 | Snake:2  | Found Zagraelu's Distillery.
 34529 | Snake:2  | Found Heshrext's Antique Armour Shop.
 34532 | Snake:2  | Found Mituof's Magic Scroll Boutique.
 34820 | D:14     | Reached skill level 10 in Invocations
 35113 | Orc:1    | Bought a potion of resistance for 100 gold pieces
 35166 | Orc:2    | Bought a potion of resistance for 170 gold pieces
 35704 | D:13     | You paid a toll of 3 potions of resistance to enter a
                  | treasure trove
 35705 | Trove    | Entered a treasure trove
 35705 | Trove    | Identified a scroll of acquirement
 35749 | D:13     | Acquired 792 gold pieces
 36051 | Snake:2  | Bought a scroll of acquirement for 728 gold pieces
 36051 | Snake:2  | Acquired the amulet "Vuzaem Usiawk" {Reflect rF+ rC+ rN++
                  | SH+5}
 36679 | Snake:3  | Found a runed translucent door.
 36840 | Snake:3  | Found Ille's Weapon Emporium.
 36952 | Snake:3  | Noticed Qootor's ghost (journeyman DECj)
 37464 | Snake:3  | Found Renuhiuc's Antique Armour Shoppe.
 37864 | Snake:3  | Killed Qootor's ghost
 37942 | Snake:4  | Entered Level 4 of the Snake Pit
 38351 | Snake:4  | Reached XP level 19. HP: 138/143 MP: 0/0
 38351 | Snake:4  | Learned a level 6 spell: Death Channel
 38996 | Snake:4  | Noticed Mara
 39002 | Snake:4  | Killed Mara
 40452 | Snake:4  | Got a serpentine rune of Zot
 40655 | Swamp:1  | Entered Level 1 of the Swamp
 40660 | Swamp:1  | Identified the serpent talisman "Dafuolan" {Will++ SInv
                  | Stlth-}
 40660 | Swamp:1  | Noticed Aizul
 40664 | Swamp:1  | Killed Aizul
 40809 | Swamp:1  | You are sucked into a shaft and drop 1 floor!
 40899 | Swamp:1  | Found an ornate altar of the Wu Jian Council.
 41027 | Swamp:1  | Found a shimmering altar of Xom.
 41027 | Swamp:1  | Noticed takemehigh's ghost (adept CoHu)
 41027 | Swamp:1  | Identified the +4 great mace "Faybeeg" {chaos, rPois Int+4
                  | Dex+2 Stlth-}
 41028 | Swamp:1  | Found a runed translucent door.
 41049 | Swamp:1  | Killed takemehigh's ghost
 41415 | Swamp:1  | Reached skill level 15 in Dodging
 41775 | Swamp:2  | Found a runed translucent gate.
 41776 | Swamp:2  | Found a runed translucent gate.
 41776 | Swamp:2  | Found a runed translucent gate.
 41780 | Swamp:2  | Noticed Uroge's ghost (journeyman GrEE)
 42069 | Swamp:2  | Reached XP level 20. HP: 124/152 MP: 0/0
 43236 | Swamp:4  | Entered Level 4 of the Swamp
 43926 | Swamp:4  | Identified the +3 arbalest of Zin, Crafting {freeze, +Blink
                  | Str+2}
 44265 | Swamp:4  | Noticed the 27-headed Lernaean hydra
 44266 | Swamp:4  | Killed the 27-headed Lernaean hydra
 44371 | Swamp:4  | Got a decaying rune of Zot
 44662 | Vaults:1 | Entered Level 1 of the Vaults
 44828 | Vaults:1 | Found a crumbling gateway.
 44833 | Desolati | Entered the Desolation of Salt
 45063 | Desolati | Reached XP level 21. HP: 152/160 MP: 0/0
 45063 | Desolati | Learned a level 8 spell: Lehudib's Crystal Spear
 45161 | Desolati | Found the +4 skin of Zhor {*Englaciate rC+++ SInv}
 45167 | Desolati | Identified the ring "Pimnazuq" {Wiz rF+ rCorr Int+3}
 45172 | Desolati | Identified the +5 scale mail "Ihaasus" {rPois rF+ Int-2
                  | Dex+3}
 45408 | Desolati | Found the +7 great mace "Undeadhunter" {deathbane, rN+}
 45415 | Desolati | Identified the +8 chain mail of Experimentation {rF+ Will+
                  | Str+4}
 45422 | Desolati | Identified the +5 flail "Plog" {flame, rN+}
 45486 | Desolati | Identified the +0 robe of Ciam {rN+ Str+4 Int+2}
 45488 | Desolati | Identified the +4 ice dragon scales of Nicoq {rF- rC++
                  | Will+}
 46630 | Vaults:1 | Identified the orb "Bigh" {mayhem, rF++}
 47575 | Vaults:2 | Found Ewosh's Armour Emporium.
 47582 | Vaults:2 | Bought a +2 helmet of intelligence for 344 gold pieces
 47732 | Vaults:2 | Identified the +5 ring mail "Ifemp" {rN+ Dex+3}
 47780 | Vaults:2 | Reached XP level 22. HP: 92/168 MP: 0/0
 48369 | Vaults:2 | Found Soumn's Assorted Antiques.
 48377 | Vaults:2 | Bought a scroll of fear for 148 gold pieces
 48573 | Vaults:2 | Found Pimuaheng's Magic Scroll Emporium.
 48581 | Vaults:2 | Bought a scroll of butterflies for 72 gold pieces
 48581 | Vaults:2 | Bought a scroll of teleportation for 54 gold pieces
 48581 | Vaults:2 | Bought a scroll of blinking for 135 gold pieces
 48581 | Vaults:2 | Bought a scroll of teleportation for 54 gold pieces
 48711 | Vaults:2 | Found Xehiga's Weapon Boutique.
 49252 | Vaults:2 | Identified the staff "Codgh" {rN+ Str+4 Dex+4 Necro Ice}
 49620 | Vaults:3 | Found a staircase to the Crypt.
 49620 | Vaults:3 | Found a basalt altar of Yredelemnul.
 49662 | Vaults:3 | Noticed Nikola
 49670 | Vaults:3 | Killed Nikola
 49799 | Vaults:3 | Noticed Xtahua
 49811 | Vaults:3 | Killed Xtahua
 50908 | Vaults:4 | Reached XP level 23. HP: 176/176 MP: 0/0
 50908 | Vaults:4 | Learned a level 8 spell: Discord
 51792 | Vaults:4 | Identified the +9 spear "Vaaluk" {drain, rN+ Str+2}
 52233 | Vaults:5 | Entered Level 5 of the Vaults
 52235 | Vaults:5 | Noticed a golden dragon
 52330 | Vaults:5 | Killed a golden dragon
 52604 | Vaults:5 | Noticed a golden dragon
 52789 | Vaults:5 | Noticed a golden dragon
 52792 | Vaults:5 | Killed a golden dragon
 52807 | Vaults:5 | Identified the +1 leather armour of Ojanoic {rElec Int+5
                  | Stlth+}
 53197 | Vaults:5 | Noticed an ancient lich
 53199 | Vaults:5 | Killed an ancient lich
 53247 | Vaults:5 | Noticed a golden dragon
 53253 | Vaults:5 | Killed a golden dragon
 53458 | Vaults:5 | Killed a golden dragon
 53638 | Vaults:5 | Reached XP level 24. HP: 159/185 MP: 0/0
 54674 | Vaults:5 | Got a silver rune of Zot
 55008 | Elf:1    | Entered Level 1 of the Elven Halls
 55177 | Elf:1    | Noticed Zenata
 55182 | Elf:1    | Killed Zenata
 55408 | Elf:1    | Found a transporter.
 55417 | Elf:1    | Noticed Truedra's ghost (adept DrCj)
 55657 | Elf:1    | Found a transporter.
 55685 | Elf:1    | Found a one-way gate to the infinite horrors of the Abyss.
 55738 | Elf:1    | Killed Truedra's ghost
 56414 | Elf:1    | Identified the +4 arbalest of Perversion {heavy, rC+ Will+}
 56458 | Elf:1    | Found Enaic's Magic Scroll Shop.
 56464 | Elf:1    | Bought a scroll of teleportation for 39 gold pieces
 56464 | Elf:1    | Bought a scroll of teleportation for 39 gold pieces
 56836 | Elf:2    | Found a flickering gateway to a bazaar.
 56846 | Bazaar   | Entered a bazaar
 56867 | Bazaar   | Found Rycw's Distillery.
 56875 | Bazaar   | Bought a potion of haste for 90 gold pieces
 56875 | Bazaar   | Bought a potion of heal wounds for 45 gold pieces
 56881 | Bazaar   | Found Mefanis's Antique Armour Shop.
 56895 | Bazaar   | Found Pielye's Distillery.
 56903 | Bazaar   | Bought a potion of enlightenment for 45 gold pieces
 56903 | Bazaar   | Bought a potion of resistance for 90 gold pieces
 56903 | Bazaar   | Bought a potion of haste for 90 gold pieces
 56903 | Bazaar   | Bought a potion of enlightenment for 45 gold pieces
 56903 | Bazaar   | Bought a potion of heal wounds for 45 gold pieces
 56909 | Bazaar   | Found Isinwuan's Weapon Shop.
 56923 | Bazaar   | Found Bytsanei's Antique Armour Boutique.
 56937 | Bazaar   | Found Extod's Jewellery Shop.
 56971 | Bazaar   | Bought the amulet of the Four Winds {rN+ Will+++ Clar} for
                  | 607 gold pieces
 56971 | Bazaar   | Found the amulet of the Four Winds {rN+ Will+++ Clar}
 57407 | Elf:2    | Found a runed translucent gate.
 57408 | Elf:2    | Found a runed translucent gate.
 57408 | Elf:2    | Found a runed translucent gate.
 58049 | Elf:2    | HP: 9/187 [+3 triple sword of freezing (2)]
 58049 | Elf:2    | Slain by a +4 heavy mace

Illustrated notes

Levels and vault maps discovered:
D:1:      wheals_arrival_shading, layout_loops_ring, basic_ecumenical_altar
D:2:      layout_rooms, serial_forest, infiniplex_forest_end_3,
          infiniplex_forest_clump_tiny, infiniplex_forest_clump_diagonal,
          infiniplex_forest_clump_medium, infiniplex_forest_join,
          minmay_misc_feat_enclosed, reono_crystal_passage,
          minmay_misc_feat_diagonals, st_stairs_1, uniq_robin
D:3:      layout_rooms, mainiacjoe_overflow_alcove_4, chequers_avenue,
          grunt_ministairs_3, minmay_snake_closets, uniq_grinder
D:4:      layout_loops_corners, gup_sewer_entry_bubbles, serial_demonic,
          serial_demonic_f, serial_demonic_a, serial_demonic_d,
          serial_demonic_g, serial_demonic_g, serial_demonic_f,
          serial_demonic_f, minmay_misc_feat_alley
D:5:      corexii_shack_village, layout_basic,
          nicolae_dithmenos_through_a_glass_darkly
D:6:      layout_rooms, nicolae_vehumet_radiance
D:7:      layout_layer_cave, grunt_temple_overflow_champion_of_chaos,
          minmay_temple_entry_wispy, guppyfry_early_elven_hall
D:8:      minmay_the_grid_octo_triangle [minmay_the_grid_octo_toaster,
          minmay_the_grid_octo_prize_square_snowflake,
          minmay_the_grid_octo_empty], layout_gridville,
          mainiacjoe_overflow_surrounded_room, kennysheep_mini,
          due_lair_maze_entry_diamond, serial_shops, nicolae_shop_rolled_up,
          nicolae_shop_vocational, uniq_joseph, uniq_maurice
D:9:      nicolae_cairo_tiling, layout_irregular_city,
          mainiacjoe_overflow_catwalk, serial_shops, shop, uniq_grum
D:10:     layout_loops_ring, tgw_kikubaaqudgha, kennysheep_little_box,
          serial_co_window_serial, co_window_corner_a, co_window_corner_a,
          co_window_paths_a, co_window_paths_a, co_window_of_opportunity_a,
          co_window_cross_2, co_window_broadway_b, co_window_cross_3,
          co_window_unsneaky_path_b, co_window_2corner, co_window_4corner_a,
          glass_columns_b, glass_columns_a, glass_columns_b,
          minmay_misc_feat_plants
D:11:     cheibrodos_barr_body, layout_long_grid
D:12:     layout_rooms, david_orc_3, regret_index_xom_of_box
D:13:     layout_loops_corners, david_vaults_3, enter_trove_1
D:14:     layout_rooms, minmay_misc_feat_iff, minmay_increasing_density
D:15:     grunt_enter_depths_magical_seal, layout_irregular_city, serial_shops,
          nicolae_shop_just_a_little_nook, gauntlet_entry_generic,
          grunt_decor_resistance, fedhas_altar_fruit_tree
Lair:1:   layout_cellular_growth
Lair:2:   layout_cave_pods, portal_ice_cave_rime, serial_bayou_shore_b,
          lemuel_fruit_tree
Lair:3:   layout_gridlike, mainiacjoe_swamp_entry_angry_trees,
          guppyfry_snake_entry_garden, chequers_serial_rivers_room_a,
          minmay_holes, nicolae_quartered_pool_super, uniq_amaemon
Lair:4:   layout_cave_pods, basic_altar, minmay_lair_oklob_items,
          grunt_megastairs_2, uniq_josephine
Lair:5:   wormcave, layout_gridlike, slime_entry_1,
          nicolae_volcano_entry_two_sided, minivault_24
Swamp:1:  layout_basic_swamp, ebering_ghost_xom, nicolae_swamp_godswood,
          uniq_aizul
Swamp:2:  layout_falls_marsh, gammafunk_ghost_necromancy,
          nicolae_swamp_feature_on_the_river_bank
Swamp:3:  layout_falls_marsh, nicolae_swamp_very_dense_foliage, swamp_pool_1_2
Swamp:4:  grunt_swamp_rune_castle, layout_basic_swamp,
          nicolae_swamp_tree_designs, infiniplex_staircase_pool
Snake:1:  layout_misc_corridors, uniq_kirke, uniq_asterion, uniq_louise,
          uniq_rupert
Snake:2:  layout_concentric_octagons, serial_shops, bzr_firewalk,
          nicolae_alphabet_shops, minmay_shop_star
Snake:3:  layout_rooms, ebering_ghost_reflecting_pool, nicolae_snake_flat_spine,
          minmay_shoptagon
Snake:4:  snake_pit_salamanders_mu, layout_onion, nicolae_large_snake_swirl,
          uniq_mara
Orc:1:    layout_caves, serial_shops, shop, nicolae_shop_rolling_square,
          nicolae_shop_tiny_glass, nicolae_shop_hallway_stairs,
          nicolae_shop_pleasant_corner_grove, minmay_shop_enchanted_jewellery,
          okawaru_metal_pillars_1_2, uniq_erolcha
Orc:2:    hellmonk_orc_salted, layout_caves
Elf:1:    eino_elf_arrival_customs, layout_gridlike,
          gammafunk_ghost_abyssal_escape, serial_shops,
          nicolae_shop_getting_attention, nicolae_elf_blasts_and_bolts,
          hex_medium, uniq_zenata
Elf:2:    nicolae_elf_blades_crystal_corner, layout_onion_city, serial_shops,
          bzr_in_the_mist
Vaults:1: portal_desolation_entry_nicolae_forbidding_blocks, v_misc_26,
          nicolae_vaults_spaceships, nicolae_vaults_trapezoid_lopsided_3,
          nicolae_vaults_diagonal_hallway_6, hangedman_vaults_cutoff,
          nicolae_vaults_gold_heap, v_misc_28, vaults_room_guarded_vault,
          nicolae_vaults_diamond_2, nicolae_vaults_house_2,
          ontoclasm_vaults_chip, ontoclasm_vaults_gateway,
          layout_vaults_chaotic_city
Vaults:2: hangedman_vaults_restitches, nicolae_vaults_door_testing_chamber,
          st_greater_box_3, vaults_dpeg_hooks, nicolae_vaults_ellipses_ellipsis,
          v_misc_23, nicolae_vaults_tetromino_Z_1, hangedman_vaults_locks,
          ontoclasm_vaults_ring_small, nicolae_vaults_trapezoid_4,
          ontoclasm_vaults_ligature, layout_vaults_maze, serial_shops, shop,
          nicolae_square_shop, nicolae_square_shop, nicolae_square_shop
Vaults:3: nicolae_vaults_more_shelving_2, minmay_crypt_entry_necro_gods,
          nicolae_vaults_yaktaur_gun_rack, nicolae_vaults_surprise_closet,
          v_misc_23, nicolae_vaults_closet_pinwheel_3,
          nicolae_vaults_closet_pinwheel_1, hangedman_vaults_maws,
          nicolae_vaults_trapezoid_2, vaults_dpeg_cross,
          nicolae_vaults_trapezoid_4, layout_vaults_ring, uniq_nikola,
          uniq_xtahua
Vaults:4: ontoclasm_vaults_hangar, nicolae_vaults_trapezoid_2,
          ontoclasm_vaults_ring_large, nicolae_vaults_holding_cells,
          v_pattern_4, hangedman_vaults_slice, grunt_vaults_focal,
          vaults_room_fours, nicolae_vaults_tetromino_Z_2,
          ontoclasm_vaults_shuriken, layout_vaults_omnigrid
Vaults:5

Skill      XL: |  1  2  3  4  5  6  7  8  9 10 11 12 13 14 15 16 17 18 19 20 21 22 23 24 |
---------------+-------------------------------------------------------------------------+-----
Fighting       | 1 2 3 4 5 7 8 9 11 12 13 14 15 16 17 18 19 20 | 20.3
Spellcasting   | 4 5 6 7 9 10 11 12 13 14 15 16 17 18 19 20 21 | 21.9
Conjurations   | 4 5 6 7 9 10 11 12 13 14 15 16 17 18 19 20 21 | 21.9
Hexes          | 4 5 6 7 9 10 11 12 13 14 15 16 17 18 19 20 21 | 21.9
Summonings     | 4 5 6 7 9 10 11 12 13 14 15 16 17 18 19 20 21 | 21.9
Necromancy     | 4 5 6 7 9 10 11 12 13 14 15 16 17 18 19 20 21 | 21.9
Translocations | 4 5 6 7 9 10 11 12 13 14 15 16 17 18 19 20 21 | 21.9
Fire Magic     | 4 5 6 7 9 10 11 12 13 14 15 16 17 18 19 20 21 | 21.9
Ice Magic      | 4 5 6 7 9 10 11 12 13 14 15 16 17 18 19 20 21 | 21.9
Air Magic      | 4 5 6 7 9 10 11 12 13 14 15 16 17 18 19 20 21 | 21.9
Earth Magic    | 4 5 6 7 9 10 11 12 13 14 15 16 17 18 19 20 21 | 21.9
Alchemy        | 4 5 6 7 9 10 11 12 13 14 15 16 17 18 19 20 21 | 21.9
Dodging        | 3 5 7 9 10 11 12 14 15 16 17 18 19 20 | 20.1
Shields        | 1 4 5 6 7 |  7.0
Invocations    | 2 5 7 9 10 11 12 13 14 | 14.0
Armour         | 3 4 |  4.0
Stealth        | |  1.5

Action                     |  1- 3 |  4- 6 |  7- 9 | 10-12 | 13-15 | 16-18 | 19-21 | 22-24 || total
---------------------------+-------+-------+-------+-------+-------+-------+-------+-------++-------
  Melee: Unarmed           |     2 |       |       |       |       |       |       |       ||     2
         Short sword       |       |    30 |     2 |       |       |       |       |       ||    32
         Dagger            |       |       |       |     5 |       |       |       |       ||     5
         Staff             |       |       |       |       |     6 |     7 |    12 |     6 ||    31
   Cast: Sting             |    60 |    84 |   150 |    79 |    65 |     3 |     1 |       ||   442
         Mercury Vapours   |     2 |     1 |       |     2 |       |       |       |       ||     5
         Mephitic Cloud    |     3 |     7 |    10 |    36 |    64 |    18 |     5 |     1 ||   144
         Sticky Flame      |       |     7 |    46 |   168 |   206 |       |       |       ||   427
         Static Discharge  |       |     3 |     2 |       |     1 |       |       |       ||     6
         Scorch            |       |       |    54 |   143 |   182 |     1 |       |       ||   380
         Freeze            |       |       |       |     2 |    15 |       |       |       ||    17
         Lee's Rapid Decon |       |       |       |     4 |    60 |    60 |   102 |   195 ||   421
         Irradiate         |       |       |       |       |     5 |       |     2 |       ||     7
         Bombard           |       |       |       |       |   140 |   378 |   403 |    51 ||   972
         Malign Gateway    |       |       |       |       |       |     6 |     7 |     8 ||    21
         Olgreb's Toxic Ra |       |       |       |       |       |     1 |       |       ||     1
         Death Channel     |       |       |       |       |       |       |    17 |    19 ||    36
         Lehudib's Crystal |       |       |       |       |       |       |    40 |   207 ||   247
         Discord           |       |       |       |       |       |       |       |    12 ||    12
 Invoke: Lesser Servant of |       |       |       |       |     1 |     5 |       |       ||     6
         Major Destruction |       |       |       |       |       |     1 |       |       ||     1
         Greater Servant o |       |       |       |       |       |       |       |     1 ||     1
  Evoke: Phantom mirror    |       |       |       |       |       |       |     1 |       ||     1
         Condenser vane    |       |       |       |       |       |       |     1 |     1 ||     2
    Use: Scroll            |       |       |     5 |    15 |    10 |    15 |    14 |     4 ||    63
         Potion            |       |       |     1 |     4 |       |     6 |     1 |     3 ||    15
 Armour: Robe              |    20 |    20 |    52 |   184 |   138 |     7 |       |       ||   421
         Leather armour    |       |       |       |       |       |    75 |    88 |       ||   163
         Animal skin       |       |       |       |       |       |       |    11 |   100 ||   111
  Dodge: Dodged            |    18 |    17 |    42 |   156 |   183 |   119 |    86 |    63 ||   684
  Block: Kite shield       |       |       |       |       |   126 |    83 |   129 |    98 ||   436
         Buckler           |       |       |       |       |     7 |       |       |       ||     7
         Reflection        |       |       |       |       |       |    23 |    30 |    35 ||    88

Table legend: (Time is in decaauts)
 A = Elapsed time spent in this place.
 B = Non-inter-level travel time spent in this place.
 C = Inter-level travel time spent in this place.
 D = Time resting spent in this place.
 E = Time spent auto-exploring this place.
 F = Levels seen in this place.
 G = Mean time per level.
                   A        B        C        D        E       F      G
               +--------+--------+--------+--------+--------+-----+--------+
         Total |  58203 |  53919 |   4284 |  12555 |  31168 |  44 | 1322.8 |
       Dungeon |  23170 |  20972 |   2198 |   5296 |  12156 |  15 | 1544.7 |
          Lair |   6399 |   5397 |   1002 |    659 |   3705 |   5 | 1279.8 |
         Swamp |   3853 |   3753 |    100 |    759 |   2275 |   4 |  963.2 |
     Snake Pit |   5633 |   5364 |    269 |   1614 |   2729 |   4 | 1408.2 |
  Orcish Mines |   3600 |   3339 |    261 |   1525 |   1104 |   2 | 1800.0 |
   Elven Halls |   2884 |   2781 |    103 |    143 |   2113 |   2 | 1442.0 |
        Vaults |   9451 |   9103 |    348 |   1656 |   5956 |   5 | 1890.2 |
        Bazaar |    292 |    292 |      0 |      0 |    161 |   2 |  146.0 |
         Trove |     41 |     41 |      0 |      0 |      0 |   1 |   41.0 |
      Ice Cave |   1008 |   1008 |      0 |    523 |    300 |   1 | 1008.0 |
       Volcano |    385 |    385 |      0 |     68 |    162 |   1 |  385.0 |
    Desolation |    831 |    831 |      0 |    105 |    464 |   1 |  831.0 |
      Gauntlet |    649 |    649 |      0 |    207 |     43 |   1 |  649.0 |
               +--------+--------+--------+--------+--------+-----+--------+

Top non-repeatable levels by time:
     D:8: 2678 daAuts
    D:10: 2658 daAuts
 Snake:4: 2620 daAuts
    D:11: 2364 daAuts
     D:7: 2247 daAuts
   Orc:1: 2169 daAuts
Vaults:5: 2065 daAuts
Vaults:1: 1977 daAuts
Vaults:2: 1958 daAuts
Vaults:4: 1920 daAuts
   Elf:1: 1757 daAuts
     D:4: 1607 daAuts
     D:5: 1561 daAuts
Vaults:3: 1531 daAuts
    D:13: 1456 daAuts
